 Dungeon Crawl Stone Soup version 0.28.0-45-g0d030f2227 (webtiles) character file.

Game seed: 11191300714716947603

1384 jimonade the Thaumaturge (level 8, 0/55 (58) HPs)
             Began as a Gnoll Hedge Wizard on Apr 6, 2022.
             Slain by Duvessa
             ... wielding a +2 short sword of draining
              (9 damage)
             ... on level 7 of the Dungeon.
             The game lasted 00:12:48 (5356 turns).

jimonade the Thaumaturge (Gnoll Hedge Wizard)       Turns: 5356, Time: 00:12:48

HP:   0/55 (58)     AC: 11    Str: 12    XL:     8   Next: 67%
MP:   20/20         EV:  7    Int: 13    God:
Gold: 168           SH:  0    Dex: 12    Spells: 17/23 levels left

rFire   . . .      SeeInvis .   t - +2 dagger (venom)
rCold   x . .      Faith    .   (no shield)
rNeg    + + .      Spirit   .   s - +2 chain mail of Hoczahisoi {rC- rN++ Regen+}
rPois   .          Reflect  .   c - +0 hat
rElec   .          Harm     .   (no cloak)
rCorr   .          Rampage  .   (no gloves)
Will    .....                   (no boots)
Stlth   ..........              (no amulet)
HPRegen 0.98/turn               (no ring)
MPRegen 0.17/turn               (no ring)

@: drained
A: fangs 1, strong nose, distributed training
a: no special abilities


You were on level 7 of the Dungeon.
You visited 1 branch of the dungeon, and saw 7 of its levels.

You collected 168 gold pieces.

Inventory:

Hand Weapons
 h - a +0 quarterstaff
 t - a +2 dagger of venom (weapon)
 y - a +2 whip of flaming
 H - a +0 shortbow
Missiles
 j - 5 javelins
 n - 41 bolts
 u - 9 atropa-tipped darts
 v - a throwing net
 w - 51 sling bullets
 x - 121 stones
 C - 45 arrows
 D - 10 poisoned darts (quivered)
Armour
 b - a +0 robe
 c - a +0 hat (worn)
 i - a +0 scale mail
 s - the +2 chain mail of Hoczahisoi (worn) {rC- rN++ Regen+}
   (You found it on level 2 of the Dungeon)

   rC:        It makes you vulnerable to cold.
   rN:        It greatly protects you from negative energy.
   Regen:     It increases your rate of health regeneration.
 F - a +0 leather armour
Jewellery
 d - a ring of protection from cold
Wands
 a - a wand of acid (6)
 q - a wand of polymorph (8)
Scrolls
 e - a scroll of immolation {unknown}
 f - a scroll of amnesia {unknown}
 g - 6 scrolls of enchant weapon {unknown}
 l - a scroll of enchant armour {unknown}
 r - 3 scrolls of teleportation {unknown}
 z - a scroll of torment {unknown}
 K - a scroll of identify
 L - a scroll of noise {unknown}
 M - a scroll of magic mapping {unknown}
 O - 2 scrolls of fear {unknown}
Potions
 k - 2 potions of ambrosia
 m - 2 potions of berserk rage
 o - a potion of mutation {unknown}
 p - a potion of heal wounds {unknown}
 A - a potion of degeneration {unknown}
 B - 2 potions of curing {unknown}
 E - 5 potions of cancellation {unknown}
 G - a potion of invisibility {unknown}
 I - a potion of brilliance {unknown}
 J - a potion of haste {unknown}
 N - a potion of attraction {unknown}


   Skills:
 + Level 3.4 Fighting
 + Level 3.4 Short Blades
 + Level 3.4 Long Blades
 + Level 3.4 Axes
 + Level 3.4 Maces & Flails
 + Level 3.4 Polearms
 + Level 3.4 Staves
 + Level 3.4 Slings
 + Level 3.4 Bows
 + Level 3.4 Crossbows
 + Level 3.4 Throwing
 + Level 3.4 Armour
 + Level 5.8 Dodging
 + Level 5.5 Stealth
 + Level 3.4 Shields
 + Level 3.4 Unarmed Combat
 + Level 8.0 Spellcasting
 + Level 3.6 Conjurations
 + Level 2.8 Hexes
 + Level 3.6 Summonings
 + Level 2.8 Necromancy
 + Level 3.6 Translocations
 + Level 2.8 Transmutations
 + Level 2.8 Fire Magic
 + Level 2.8 Ice Magic
 + Level 2.8 Air Magic
 + Level 2.8 Earth Magic
 + Level 2.8 Poison Magic
 + Level 3.8 Invocations
 + Level 3.4 Evocations


You had 17 spell levels left.
You knew the following spells:

 Your Spells              Type           Power      Damage    Failure   Level
a - Magic Dart            Conj           56%        1d5       75%         1
b - Blink                 Tloc           28%        N/A       86%         2
c - Call Imp              Summ           14%        N/A       86%         2
d - Slow                  Hex            48%        N/A       83%         1

Your spell library contained the following spells:

 Spells                   Type           Power      Damage    Failure   Level
 Apportation              Tloc           28%        N/A       75%         1
 Summon Small Mammal      Summ           56%        N/A       75%         1
 Animate Skeleton         Necr           24%        N/A       83%         1
 Conjure Flame            Conj/Fire      13%        6-21      98%         3
 Ignite Poison            Fire/Tmut/Pois 12%        N/A       99%         3
 Mephitic Cloud           Conj/Pois/Air  13%        N/A       99%         3
 Ozocubu's Armour         Ice            12%        N/A       99%         3
 Sticky Flame             Conj/Fire      13%        2d4       100%        4
 Metabolic Englaciation   Hex/Ice        6%         N/A       100%        5
 Simulacrum               Ice/Necr       6%         N/A       100%        6


Dungeon Overview and Level Annotations

Branches:
Dungeon (7/15)
 Temple: D:4-7

Altars:
Ru

Annotations:
D:3 2 runed translucent doors, Crazy Yiuf; zeratav's ghost, weakling MiBe
D:7 Duvessa


Innate Abilities, Weirdness & Mutations

You have very sharp teeth.
Your uncanny sense of smell can sniff out nearby items.
Your experience applies equally to all skills.


Message History

You hit Duvessa but do no damage. You bite Duvessa, but do no damage.
Duvessa is heavily wounded.
Dowan barely misses you.
Duvessa hits you with a +2 short sword of draining!
You partially resist.
You feel drained.
You hit Dowan but do no damage.
Dowan looks as sick as possible!
You bite Dowan, but do no damage.
Dowan is heavily wounded.
Dowan hits you with a +2 dagger of speed.
Duvessa hits you but does no damage. You partially resist.
You hit Dowan.
Dowan is severely wounded.
Dowan hits you but does no damage.
You barely miss Duvessa. Your bite misses Duvessa.
Duvessa is severely wounded.
Duvessa closely misses you. Dowan hits you but does no damage.
Dowan hits you with a +2 dagger of speed.
You hit Duvessa but do no damage.
Duvessa looks as sick as possible!
Duvessa is severely wounded.
Duvessa hits you but does no damage. You partially resist.
Dowan hits you with a +2 dagger of speed.
You hit Dowan.
Dowan looks as sick as possible!
Your bite misses Dowan.
Dowan is severely wounded.
Duvessa hits you with a +2 short sword of draining!
* * * LOW HITPOINT WARNING * * *
You partially resist.
You feel drained.
* * * LOW HITPOINT WARNING * * *
Dowan casts a spell at you. The puff of flame hits you.
* * * LOW HITPOINT WARNING * * *
You kill Dowan!
Duvessa screams in rage.
Duvessa goes berserk!
Duvessa hits you with a +2 short sword of draining!
* * * LOW HITPOINT WARNING * * *
You partially resist.
You feel drained.
You are no longer glowing.
There is a stone staircase leading up here.
Duvessa hits you with a +2 short sword of draining!
You die...

#((.......
#.#.....#
#(#.....#
#(#..... #.#...
#)#.#####
#.#####.......#
#.......e.....#
########@.###.#
#..# #..# ...#
##.# .# .. ##


You could see Duvessa (berserk, extremely poisoned).

Vanquished Creatures
  A sky beast (D:5)
  2 ogres
  A centaur (D:4)
  A phantom (D:6)
  A bullfrog (D:6)
  3 scorpions
  A wyvern skeleton (D:6)
  A water moccasin skeleton (D:5)
  Dowan (D:7)
  2 orc priests (D:6)
  3 hounds
  A jelly (D:6)
  A bullfrog skeleton (D:6)
  Jessica (D:2)
  An iguana (D:3)
  2 orc wizards
  A hound skeleton (D:4)
  7 gnolls
  8 adders
  2 shadow imps (D:6)
  2 white imps (D:6)
  6 worms
  3 dart slugs
  3 orcs (D:4)
  6 ball pythons
  6 endoplasms
  A giant cockroach (D:1)
  3 goblins
  4 hobgoblins
  3 jackals (D:1)
  4 quokkas
  4 bats
  4 frilled lizards
  5 kobolds
  8 rats
103 creatures vanquished.

Notes
Turn   | Place    | Note
-------+----------+-------------------------------------------
     0 | D:1      | jimonade the Gnoll Hedge Wizard began the quest for the
                  | Orb.
     0 | D:1      | Reached XP level 1. HP: 13/13 MP: 8/8
   299 | D:1      | Reached XP level 2. HP: 19/19 MP: 7/10
   782 | D:2      | Reached XP level 3. HP: 25/25 MP: 7/11
  1061 | D:2      | Noticed Jessica
  1071 | D:2      | Learned a level 2 spell: Blink
  1074 | D:2      | Learned a level 2 spell: Call Imp
  1076 | D:2      | Learned a level 1 spell: Slow
  1089 | D:2      | Reached skill level 1 in Invocations
  1092 | D:2      | Killed Jessica
  1093 | D:2      | Reached skill level 1 in Fighting
  1093 | D:2      | Reached skill level 1 in Short Blades
  1093 | D:2      | Reached skill level 1 in Long Blades
  1093 | D:2      | Reached skill level 1 in Axes
  1093 | D:2      | Reached skill level 1 in Maces & Flails
  1093 | D:2      | Reached skill level 1 in Polearms
  1093 | D:2      | Reached skill level 1 in Staves
  1093 | D:2      | Reached skill level 1 in Slings
  1093 | D:2      | Reached skill level 1 in Bows
  1093 | D:2      | Reached skill level 1 in Crossbows
  1093 | D:2      | Reached skill level 1 in Throwing
  1093 | D:2      | Reached skill level 1 in Armour
  1093 | D:2      | Reached skill level 1 in Shields
  1093 | D:2      | Reached skill level 1 in Unarmed Combat
  1093 | D:2      | Reached skill level 1 in Evocations
  1093 | D:2      | Reached XP level 4. HP: 30/32 MP: 10/13
  1415 | D:2      | Identified the +2 chain mail of Hoczahisoi {rC- rN++
                  | Regen+}
  1633 | D:2      | Reached skill level 1 in Hexes
  1633 | D:2      | Reached skill level 1 in Necromancy
  1633 | D:2      | Reached skill level 1 in Transmutations
  1633 | D:2      | Reached skill level 1 in Fire Magic
  1633 | D:2      | Reached skill level 1 in Ice Magic
  1633 | D:2      | Reached skill level 1 in Air Magic
  1633 | D:2      | Reached skill level 1 in Earth Magic
  1633 | D:2      | Reached skill level 1 in Poison Magic
  1741 | D:2      | Reached XP level 5. HP: 34/37 MP: 14/14
  2322 | D:3      | Reached XP level 6. HP: 32/44 MP: 16/16
  2483 | D:3      | Found a runed translucent door.
  2484 | D:3      | Noticed zeratav's ghost (weakling MiBe)
  2521 | D:3      | Found a runed translucent door.
  2522 | D:3      | Noticed Crazy Yiuf
  2866 | D:4      | Reached skill level 5 in Dodging
  3397 | D:4      | Reached XP level 7. HP: 48/50 MP: 18/18
  3870 | D:5      | Entered Level 5 of the Dungeon
  4140 | D:5      | Reached skill level 5 in Stealth
  4278 | D:5      | Reached XP level 8. HP: 40/57 MP: 19/19
  4629 | D:6      | Found a sacrificial altar of Ru.
  5079 | D:6      | Reached skill level 8 in Spellcasting
  5328 | D:7      | Noticed Dowan
  5334 | D:7      | Noticed Duvessa
  5354 | D:7      | Killed Dowan
  5356 | D:7      | Slain by Duvessa

Illustrated notes

Levels and vault maps discovered:
D:1:      dpeg_arrival_refuge, layout_rooms
D:2:      layout_basic, uniq_jessica
D:3:      layout_basic, gammafunk_ghost_grave, minmay_misc_feat_plants,
          uniq_crazy_yiuf_cottage
D:4:      minmay_door_path, layout_loops_ring, kennysheep_generic_room_14
D:5:      layout_loops_ring
D:6:      layout_basic, mainiacjoe_overflow_small_starburst
D:7:      layout_basic, minmay_temple_entry_nine_rooms, uniq_duvessa,
          uniq_menkaure, uniq_harold

Skill      XL: |  1  2  3  4  5  6  7  8 |
---------------+-------------------------+-----
Conjurations   | 2 3 |  3.6
Summonings     | 2 3 |  3.6
Translocations | 2 3 |  3.6
Invocations    | 1 2 3 |  3.8
Fighting       | 1 2 3 |  3.4
Short Blades   | 1 2 3 |  3.4
Long Blades    | 1 2 3 |  3.4
Axes           | 1 2 3 |  3.4
Maces & Flails | 1 2 3 |  3.4
Polearms       | 1 2 3 |  3.4
Staves         | 1 2 3 |  3.4
Slings         | 1 2 3 |  3.4
Bows           | 1 2 3 |  3.4
Crossbows      | 1 2 3 |  3.4
Throwing       | 1 2 3 |  3.4
Armour         | 1 2 3 |  3.4
Shields        | 1 2 3 |  3.4
Unarmed Combat | 1 2 3 |  3.4
Evocations     | 1 2 3 |  3.4
Hexes          | 1 2 |  2.8
Necromancy     | 1 2 |  2.8
Transmutations | 1 2 |  2.8
Fire Magic     | 1 2 |  2.8
Ice Magic      | 1 2 |  2.8
Air Magic      | 1 2 |  2.8
Earth Magic    | 1 2 |  2.8
Poison Magic   | 1 2 |  2.8
Dodging        | 5 |  5.8
Stealth        | 5 |  5.5
Spellcasting   | 8 |  8.0

Action                   |  1- 3 |  4- 6 |  7- 9 || total
-------------------------+-------+-------+-------++-------
Melee: Dagger            |     6 |   181 |   228 ||   415
       Bite              |     1 |    22 |    37 ||    60
       Quarterstaff      |     6 |    12 |       ||    18
       Punch             |       |     1 |    13 ||    14
Throw: Dart              |       |     9 |    14 ||    23
 Cast: Magic Dart        |    52 |     4 |       ||    56
       Slow              |     1 |       |       ||     1
       Call Imp          |     1 |       |       ||     1
  Use: Scroll            |       |     2 |       ||     2
 Stab: Distracted        |     1 |       |       ||     1
Armor: Robe              |     6 |       |       ||     6
       Chain mail        |       |   102 |   126 ||   228
Dodge: Dodged            |    14 |    56 |    59 ||   129
